PAAA
PORT ROYAL DISASTER @ BLOOMINGTON LONGNECKS
09/18/2038
 
TOP OF THE 1ST
Port Royal Disaster batting - Pitching for Bloomington Longnecks : RHP Richard Arnie
Pitching: RHP Richard Arnie
Batting: LHB Ron Stewart 0-0: Ball
1-0: Ball
2-0: Ground out 1-3 (Groundball, 23, EV 91.9 MPH)
Batting: RHB Illarion Podmarkov 0-0: Ball
1-0: Ball
2-0: Ball
3-0: Called Strike
3-1: Base on Balls
Batting: RHB Júlio Salazar 0-0: Ball
1-0: Foul Ball, location: 2F
1-1: Ball
2-1: Grounds into double play, 5-4-3 (Groundball, 56, EV 83.8 MPH)
Top of the 1st over - 0 runs, 0 hits, 0 errors, 0 left on base; Port Royal 0 - Bloomington 0
BOTTOM OF THE 1ST
Bloomington Longnecks batting - Pitching for Port Royal Disaster : RHP Ira Hipps
Pitching: RHP Ira Hipps
Batting: RHB Cornell MacDonald 0-0: SINGLE (Groundball, 6MD, EV 104.4 MPH)
Batting: LHB Jorge Ortíz 0-0: Ball
1-0: Called Strike
1-1: Ball
2-1: Ball
3-1: Fielders Choice at 2nd, 5-4 (Groundball, 56, EV 100.6 MPH)
Batting: RHB Karl Wade 0-0: Fly out, F7 (Flyball, 78M, EV 88.1 MPH)
Batting: RHB Alfonso Nazario 0-0: Ball
1-0: Ball
2-0: Ball
3-0: Swinging Strike
3-1: Swinging Strike
3-2: Base on Balls
Jorge Ortíz to second
Batting: RHB Brock Waxley 0-0: Swinging Strike
0-1: Ball
1-1: Ball
2-1: Called Strike
2-2: Strikes out swinging
Bottom of the 1st over - 0 runs, 1 hit, 0 errors, 2 left on base; Port Royal 0 - Bloomington 0
TOP OF THE 2ND
Port Royal Disaster batting - Pitching for Bloomington Longnecks : RHP Richard Arnie
Batting: SHB Júlio Morín Jr. 0-0: Foul Ball, location: 2F
0-1: Foul Ball, location: 2F
0-2: Ball
1-2: Ball
2-2: Ball
3-2: Foul Ball, location: 2F
3-2: Fly out, F9 (Flyball, 89D, EV 89.4 MPH)
Batting: RHB Michael Brannon 0-0: Foul Ball, location: 2F
0-1: Fly out, F9 (Flyball, 89M, EV 86.9 MPH)
Batting: RHB Steve Bock 0-0: Ball
1-0: Called Strike
1-1: Ground out U3 (Groundball, 34, EV 100.6 MPH)
Top of the 2nd over - 0 runs, 0 hits, 0 errors, 0 left on base; Port Royal 0 - Bloomington 0
BOTTOM OF THE 2ND
Bloomington Longnecks batting - Pitching for Port Royal Disaster : RHP Ira Hipps
Batting: RHB Lev Migranov 0-0: DOUBLE (Flyball, 8RD, EV 110.0 MPH)
Batting: RHB Gerald Snow 0-0: Called Strike
0-1: Ground out 6-3 (Groundball, 6, EV 103.8 MPH)
Batting: RHB Ramón Barbosa 0-0: Fly out, F3 (Flyball, 34D, EV 80.6 MPH)
Batting: RHB Manny Diéguez 0-0: Ball
1-0: TRIPLE (Flyball, 89XD, EV 99.4 MPH)
Lev Migranov scores
Batting: RHB Cornell MacDonald 0-0: Called Strike
0-1: Foul Ball, location: 2F
0-2: SINGLE (Line Drive, 56, EV 101.9 MPH)
Manny Diéguez scores
Batting: LHB Jorge Ortíz 0-0: Ball
Cornell MacDonald is caught stealing 2nd base 2-6
Bottom of the 2nd over - 2 runs, 3 hits, 0 errors, 0 left on base; Port Royal 0 - Bloomington 2
TOP OF THE 3RD
Port Royal Disaster batting - Pitching for Bloomington Longnecks : RHP Richard Arnie
Batting: RHB Ryan Faulkner 0-0: Called Strike
0-1: Foul Ball, location: 2F
0-2: Fly out, F4 (Line Drive, 4, EV 71.2 MPH)
Batting: RHB Mark Merry 0-0: Ball
1-0: Ball
2-0: Ball
3-0: Called Strike
3-1: Ground out 5-3 (Groundball, 56, EV 83.8 MPH)
Batting: RHB Sean Roberts 0-0: Foul Ball, location: 2F
0-1: SOLO HOME RUN (Flyball, 78XD, EV 96.2 MPH), Distance : 375 ft
Batting: LHB Ron Stewart 0-0: Foul Ball, location: 2F
0-1: Called Strike
0-2: Foul Ball, location: 2F
0-2: SINGLE (Groundball, 4MS, EV 68.8 MPH) (infield hit)
Batting: RHB Illarion Podmarkov 0-0: Fly out, F8 (Flyball, 8RS, EV 88.1 MPH)
Top of the 3rd over - 1 run, 2 hits, 0 errors, 1 left on base; Port Royal 1 - Bloomington 2
BOTTOM OF THE 3RD
Bloomington Longnecks batting - Pitching for Port Royal Disaster : RHP Ira Hipps
Batting: LHB Jorge Ortíz 0-0: Swinging Strike
0-1: Ball
1-1: Called Strike
1-2: SINGLE (Line Drive, 8RS, EV 104.4 MPH)
Batting: RHB Karl Wade 0-0: Ball
1-0: Fly out, F8 (Line Drive, 8LM, EV 106.9 MPH)
Batting: RHB Alfonso Nazario 0-0: Ball
1-0: Ball
2-0: Called Strike
2-1: Called Strike
2-2: Ball
3-2: Foul Ball, location: 2F
3-2: Foul Ball, location: 2F
3-2: 2-RUN HOME RUN (Flyball, 78XD, EV 94.4 MPH), Distance : 409 ft
Batting: RHB Brock Waxley 0-0: Foul Ball, location: 2F
0-1: Called Strike
0-2: SOLO HOME RUN (Flyball, 78XD, EV 97.5 MPH), Distance : 415 ft
Batting: RHB Lev Migranov 0-0: Ball
1-0: Ball
2-0: Ball
3-0: Called Strike
3-1: Base on Balls
Batting: RHB Gerald Snow 0-0: Ball
1-0: Fielders Choice at 2nd, 6-4 (Groundball, 6, EV 82.5 MPH)
Batting: RHB Ramón Barbosa 0-0: Ball
1-0: Ball
2-0: Foul Ball, location: 2F
2-1: Called Strike
2-2: Foul Ball, location: 2F
2-2: Foul Ball, location: 2F
2-2: Fielders Choice at 2nd, 6-4 (Groundball, 6, EV 80.0 MPH)
Bottom of the 3rd over - 3 runs, 3 hits, 0 errors, 1 left on base; Port Royal 1 - Bloomington 5
TOP OF THE 4TH
Port Royal Disaster batting - Pitching for Bloomington Longnecks : RHP Richard Arnie
Batting: RHB Júlio Salazar 0-0: Ball
1-0: Swinging Strike
1-1: Foul Ball, location: 2F
1-2: Ball
2-2: Ball
3-2: SINGLE (Line Drive, 8LS, EV 94.4 MPH)
Batting: SHB Júlio Morín Jr. 0-0: Ball
Wild Pitch!
Júlio Salazar to second
1-0: Foul Ball, location: 2F
1-1: Swinging Strike
1-2: Ball
2-2: Ball
3-2: Ground out 1-3 (Groundball, 34S, EV 78.8 MPH)
Júlio Salazar to third
Batting: RHB Michael Brannon 0-0: Ball
1-0: Fly out, F7 (Flyball, 78M, EV 90.0 MPH)
Runner from 3rd tags up, OUT at HOME! 7-2
Top of the 4th over - 0 runs, 1 hit, 0 errors, 0 left on base; Port Royal 1 - Bloomington 5
BOTTOM OF THE 4TH
Bloomington Longnecks batting - Pitching for Port Royal Disaster : RHP Ira Hipps
Batting: RHB Manny Diéguez 0-0: Foul Ball, location: 2F
0-1: Foul Ball, location: 2F
0-2: Foul Ball, location: 2F
0-2: Ground out 5-3 (Groundball, 56, EV 100.0 MPH)
Batting: RHB Cornell MacDonald 0-0: Ball
1-0: Fly out, F7 (Flyball, 7S, EV 93.8 MPH)
Batting: LHB Jorge Ortíz 0-0: Called Strike
0-1: Ball
1-1: SINGLE (Groundball, 34D, EV 95.6 MPH)
Batting: RHB Karl Wade 0-0: Foul Ball, location: 2F
0-1: Ball
1-1: Foul Ball, location: 2F
1-2: Ball
2-2: Foul Ball, location: 2F
2-2: Foul Ball, location: 2F
2-2: SINGLE (Groundball, 6MD, EV 103.1 MPH)
Jorge Ortíz to second
Runner from 2nd tries for 3rd, SAFE, throw by CF made to third
Batting: RHB Alfonso Nazario 0-0: Called Strike
0-1: Foul Ball, location: 2F
0-2: Foul Ball, location: 2F
0-2: Foul Ball, location: 2F
0-2: 3-RUN HOME RUN (Flyball, 7LD, EV 99.4 MPH), Distance : 353 ft
Pitching: LHP Christian Clayton
Batting: RHB Brock Waxley 0-0: Ball
1-0: SINGLE (Line Drive, 56D, EV 105.0 MPH)
Batting: RHB Lev Migranov 0-0: Ball
1-0: Ground out 4-3 (Groundball, 4, EV 83.1 MPH)
Bottom of the 4th over - 3 runs, 4 hits, 0 errors, 1 left on base; Port Royal 1 - Bloomington 8
TOP OF THE 5TH
Port Royal Disaster batting - Pitching for Bloomington Longnecks : RHP Richard Arnie
Batting: RHB Steve Bock 0-0: Called Strike
0-1: Swinging Strike
0-2: Strikes out swinging
Batting: RHB Ryan Faulkner 0-0: Ball
1-0: Foul Ball, location: 2F
1-1: Foul Ball, location: 2F
1-2: Ball
2-2: Strikes out looking
Batting: RHB Mark Merry 0-0: Ball
1-0: Swinging Strike
1-1: Ball
2-1: Foul Ball, location: 2F
2-2: Foul Ball, location: 2F
2-2: Strikes out looking
Top of the 5th over - 0 runs, 0 hits, 0 errors, 0 left on base; Port Royal 1 - Bloomington 8
BOTTOM OF THE 5TH
Bloomington Longnecks batting - Pitching for Port Royal Disaster : LHP Christian Clayton
Batting: RHB Gerald Snow 0-0: Ball
1-0: Called Strike
1-1: Swinging Strike
1-2: Ball
2-2: Fly out, F8 (Flyball, 78D, EV 91.2 MPH)
Batting: RHB Ramón Barbosa 0-0: Fly out, F8 (Flyball, 8RS, EV 91.2 MPH)
Batting: RHB Manny Diéguez 0-0: Called Strike
0-1: Called Strike
0-2: SINGLE (Line Drive, 8LS, EV 88.1 MPH)
Batting: RHB Cornell MacDonald 0-0: Ground out 5-3 (Groundball, 56S, EV 70.0 MPH)
Bottom of the 5th over - 0 runs, 1 hit, 0 errors, 1 left on base; Port Royal 1 - Bloomington 8
TOP OF THE 6TH
Port Royal Disaster batting - Pitching for Bloomington Longnecks : RHP Richard Arnie
Batting: RHB Sean Roberts 0-0: Fly out, F7 (Line Drive, 7D, EV 95.0 MPH)
Batting: LHB Ron Stewart 0-0: Ball
1-0: Ball
2-0: Foul Ball, location: 2F
2-1: Foul Ball, location: 2F
2-2: SINGLE (Groundball, 4MD, EV 102.5 MPH)
Batting: RHB Illarion Podmarkov 0-0: Called Strike
0-1: Foul Ball, location: 2F
0-2: SINGLE (Groundball, 6D, EV 108.1 MPH)
Ron Stewart to second
Batting: RHB Júlio Salazar 0-0: Fly out, F8 (Flyball, 89XD, EV 76.9 MPH)
Runner from 2nd tags up, SAFE at 3rd, no throw by CF
Batting: SHB Júlio Morín Jr. 0-0: Ball
1-0: Ball
2-0: SINGLE (Flyball, 7LS, EV 91.2 MPH)
Ron Stewart scores
Illarion Podmarkov to second
Batting: RHB Michael Brannon 0-0: Called Strike
0-1: Foul Ball, location: 2F
0-2: Ball
1-2: Fielders Choice at 2nd, 6-4 (Groundball, 6, EV 90.0 MPH)
Top of the 6th over - 1 run, 3 hits, 0 errors, 2 left on base; Port Royal 2 - Bloomington 8
BOTTOM OF THE 6TH
Bloomington Longnecks batting - Pitching for Port Royal Disaster : LHP Christian Clayton
Batting: LHB Jorge Ortíz 0-0: Foul Ball, location: 2F
0-1: Ground out 6-3 (Groundball, 6, EV 88.1 MPH)
Batting: RHB Karl Wade 0-0: Ball
1-0: Ball
2-0: Ball
3-0: Base on Balls
Batting: RHB Alfonso Nazario 0-0: Ball
1-0: Ball
2-0: Ball
3-0: Called Strike
3-1: Called Strike
3-2: Base on Balls
Karl Wade to second
Batting: RHB Brock Waxley 0-0: Ball
1-0: Fly out, F3 (Popup, 3F, EV 66.9 MPH)
Batting: RHB Lev Migranov 0-0: Ball
1-0: Ground out 1-3 (Groundball, 15S, EV 63.8 MPH)
Bottom of the 6th over - 0 runs, 0 hits, 0 errors, 2 left on base; Port Royal 2 - Bloomington 8
TOP OF THE 7TH
Port Royal Disaster batting - Pitching for Bloomington Longnecks : RHP Richard Arnie
Batting: RHB Steve Bock 0-0: Swinging Strike
0-1: Foul Ball, location: 2F
0-2: Ball
1-2: Strikes out swinging
Batting: RHB Ryan Faulkner 0-0: Ball
1-0: Ball
2-0: Ball
3-0: Called Strike
3-1: Fly out, F7 (Flyball, 78D, EV 101.9 MPH)
Batting: RHB Mark Merry 0-0: Ball
1-0: Foul Ball, location: 2F
1-1: Ball
2-1: Ball
3-1: Foul Ball, location: 2F
3-2: Foul Ball, location: 2F
3-2: Ground out 4-3 (Groundball, 4MS, EV 90.6 MPH)
Top of the 7th over - 0 runs, 0 hits, 0 errors, 0 left on base; Port Royal 2 - Bloomington 8
BOTTOM OF THE 7TH
Bloomington Longnecks batting - Pitching for Port Royal Disaster : LHP Christian Clayton
Batting: RHB Gerald Snow 0-0: Called Strike
0-1: Ball
1-1: Swinging Strike
1-2: Ball
2-2: Strikes out swinging
Batting: RHB Ramón Barbosa 0-0: Ball
1-0: Called Strike
1-1: Foul Ball, location: 2F
1-2: SINGLE (Groundball, 56D, EV 104.4 MPH)
Batting: RHB Manny Diéguez 0-0: Ball
1-0: Fielders Choice at 2nd, 6-4 (Groundball, 6MS, EV 85.6 MPH)
Batting: RHB Cornell MacDonald 0-0: Called Strike
0-1: Ball
1-1: Fielders Choice at 2nd, 6-4 (Groundball, 56D, EV 101.9 MPH)
Bottom of the 7th over - 0 runs, 1 hit, 0 errors, 1 left on base; Port Royal 2 - Bloomington 8
TOP OF THE 8TH
Port Royal Disaster batting - Pitching for Bloomington Longnecks : RHP Richard Arnie
Pitching: LHP Gilberto Chávez
Batting: RHB Sean Roberts 0-0: Ball
1-0: Called Strike
1-1: Swinging Strike
1-2: Strikes out swinging
Batting: LHB Ron Stewart 0-0: Ball
1-0: Foul Ball, location: 2F
1-1: Ground out 6-3 (Groundball, 56, EV 81.2 MPH)
Batting: RHB Illarion Podmarkov 0-0: Called Strike
0-1: DOUBLE (Line Drive, 78D, EV 105.0 MPH)
Batting: RHB Júlio Salazar 0-0: Swinging Strike
0-1: Ball
1-1: Ball
2-1: Fly out, F4 (Popup, 4S, EV 87.5 MPH)
Top of the 8th over - 0 runs, 1 hit, 0 errors, 1 left on base; Port Royal 2 - Bloomington 8
BOTTOM OF THE 8TH
Bloomington Longnecks batting - Pitching for Port Royal Disaster : LHP Christian Clayton
Batting: LHB Jorge Ortíz 0-0: Called Strike
0-1: Ball
1-1: Ball
2-1: Ground out 5-3 (Groundball, 5, EV 108.8 MPH)
Batting: RHB Karl Wade 0-0: Fly out, F9 (Line Drive, 9D, EV 93.1 MPH)
Batting: RHB Alfonso Nazario 0-0: Ball
1-0: Called Strike
1-1: Ball
2-1: Ball
3-1: Base on Balls
Batting: RHB Brock Waxley 0-0: Ball
1-0: Called Strike
Alfonso Nazario steals 2nd base
1-1: Fly out, F9 (Flyball, 89S, EV 95.0 MPH)
Bottom of the 8th over - 0 runs, 0 hits, 0 errors, 1 left on base; Port Royal 2 - Bloomington 8
TOP OF THE 9TH
Port Royal Disaster batting - Pitching for Bloomington Longnecks : LHP Gilberto Chávez
Batting: SHB Júlio Morín Jr. 0-0: Called Strike
0-1: Ball
1-1: Foul Ball, location: 2F
1-2: Fly out, F8 (Flyball, 8RS, EV 91.2 MPH)
Batting: RHB Michael Brannon 0-0: Swinging Strike
0-1: Swinging Strike
0-2: Ball
1-2: Strikes out looking
Batting: RHB Steve Bock 0-0: Foul Ball, location: 2F
0-1: Fly out, F8 (Flyball, 8RD, EV 97.5 MPH)
Top of the 9th over - 0 runs, 0 hits, 0 errors, 0 left on base; Port Royal 2 - Bloomington 8
Friday, April 17th, 2020 - OOTP Baseball 20.8 Build 74